 Dungeon Crawl Stone Soup version 0.22.1-2-g9c5b331 (webtiles) character file.

25430 Gearfox the Bludgeoner (level 12, -2/168 HPs)
             Began as a Minotaur Fighter on Dec 5, 2018.
             Was a High Priest of Okawaru.
             Succumbed to Sonja's poison
             ... on level 13 of the Dungeon on Dec 6, 2018.
             The game lasted 00:58:10 (16777 turns).

Gearfox the Bludgeoner (Minotaur Fighter)          Turns: 16777, Time: 00:58:10

Health: -2/168     AC: 35    Str: 26    XL:     12   Next: 89%
Magic:  15/15      EV:  2    Int:  7    God:    Okawaru [*****.]
Gold:   881        SH: 17    Dex: 10    Spells: 11/11 levels left

rFire    . . .     SeeInvis .   g - +3 flail (protect)
rCold    . . .     Gourm    .   c - +0 shield
rNeg     + + +     Faith    .   (armour currently unavailable)
rPois    +         Spirit   .   (helmet currently unavailable)
rElec    .         Reflect  +   (cloak currently unavailable)
rCorr    .         Harm     .   (gloves currently unavailable)
MR       .....     NoTele   +   (boots currently unavailable)
Stlth    +++.......             d - +3 amulet of reflection
HPRegen  0.38/turn              s - +3 ring of evasion
MPRegen  0.14/turn              j - +2 ring of protection

@: lethally poisoned (-2 -> -49), tree-form, heroism, protection aura, hasted,
very quick
A: (retaliatory headbutt), clever 1, mutation resistance 1
a: Heroism, Finesse, Renounce Religion


You were on level 13 of the Dungeon.
You worshipped Okawaru.
Okawaru was extremely pleased with you.
You were not hungry.
You were a tree.
You visited 1 branch of the dungeon, and saw 13 of its levels.
You also visited: Ossuary.

You collected 965 gold pieces.
You spent 84 gold pieces at shops.

Inventory:

Hand Weapons
 a - a +0 flail
 g - a +3 flail of protection (weapon)
 E - a +2 great mace of holy wrath
 J - a +0 flail of crushing
Armour
 c - a +0 shield (worn)
 h - a +2 plate armour (melded)
 i - a scarf of spirit shield
 q - a +1 scale mail of fire resistance
 t - the +0 buckler "Havowk" {*Corrode rPois rF++ rN+}
   (You found it on level 11 of the Dungeon)

   It greatly protects you from fire.
   It protects you from poison.
   It protects you from negative energy.
   It may corrode you when you take damage.
 x - a +0 pair of boots (melded)
 y - a +0 large shield
 z - a +0 cloak
 B - a +2 cloak (melded)
 M - +0 ice dragon scales
Jewellery
 d - a +3 amulet of reflection (around neck)
 j - a +2 ring of protection (right branch)
 s - a +3 ring of evasion (left branch)
 v - an uncursed amulet of rage
 F - an uncursed amulet of the gourmand
Wands
 k - a wand of flame (34)
 m - a wand of digging (11)
 I - a wand of random effects (71)
Scrolls
 b - a scroll of blinking
 l - 7 scrolls of remove curse
 o - 2 scrolls of amnesia
 r - 2 scrolls of fog
 u - 2 scrolls of fear
 A - a scroll of teleportation
Potions
 e - 2 potions of agility
 n - 3 potions of brilliance
 p - 2 potions of invisibility
 w - 2 potions of flight
 D - 2 potions of might
Miscellaneous
 C - a lamp of fire
Comestibles
 f - 25 rations
 L - 5 chunks of flesh


   Skills:
 * Level 11.9(16.9) Fighting
 - Level 15.0(20.0) Maces & Flails
 - Level 12.0(17.0) Armour
 - Level 10.0(15.0) Shields
 - Level 6.1 Invocations
 - Level 5.0 Evocations


You had 11 spell levels left.
You didn't know any spells.
Your spell library contained the following spells:

 Spells                   Type           Power        Failure   Level  Hunger
 Sandblast                Erth           #.....       43%         1    ##.....
 Passwall                 Tmut/Erth      #.......     56%         2    ###....
 Stone Arrow              Conj/Erth      #.....       80%         3    ####...
 Petrify                  Tmut/Erth      #.......     99%         4    #####..
 Lee's Rapid Deconstruct  Erth           #.........   100%        5    ######.


Dungeon Overview and Level Annotations

Branches:
Dungeon (13/15)            Temple (0/1) D:6            Lair (0/6) D:9
    Orc (0/2) D:10
 Vaults: D:13-14

Altars:
Dithmenos
Fedhas
Kikubaaqudgha
Makhleb
Okawaru
Qazlal
Ru
Xom
Yredelemnul
The Shining One

Shops:
D:9 *   D:10 [

Annotations:
D:8 2 transporters, Lauz's ghost, novice DsGl


Innate Abilities, Weirdness & Mutations

((You reflexively headbutt those who attack you in melee.))
((You have a pair of horns on your head.))
Your mind is acute. (Int +2)
You are somewhat resistant to further mutation.


Message History

* * * LOW HITPOINT WARNING * * *
You feel very sick.
Okay, then.
It was a potion of flight.
You feel very buoyant.
You fly up into the air.
* * * LOW HITPOINT WARNING * * *
You feel very sick.
It was a potion of haste.
You feel yourself speed up.
* * * LOW HITPOINT WARNING * * *
You feel very sick.
It was a potion of lignification.
You turn into a tree.
Your +2 cloak melds into your body.
Your +0 pair of boots melds into your body.
Your +2 plate armour melds into your body.
Your roots penetrate the ground.
* * * LOW HITPOINT WARNING * * *
You feel very sick.
It was a potion of magic.
Magic courses through your body.
You die...

#.)# #. ### #.## #.# #.#
## ########'### ...
##..........# ....
##..........# .....
.#......†...######......
.#..........##(.♣)......
.'..........#..###......
##<.........'.## .....
#..........### ....
############ ... ##


There were no monsters in sight!

Vanquished Creatures
  Harold (D:11)
  A hydra (D:13)
  2 centaur warriors (D:13)
  2 death knights
  4 two-headed ogres
  Sonja (D:13)
  An unseen horror (D:10)
  Pikel (D:4)
  A manticore (D:13)
  A deep elf mage (D:12)
  2 ugly things (D:10)
  A cyclops (D:13)
  A centaur zombie (D:12)
  2 gargoyles
  A komodo dragon (D:13)
  7 trolls
  A hornet (D:9)
  4 slime creatures (D:12)
  6 hippogriffs
  A spriggan (D:10)
  A vampire (D:11)
  2 shadows
  6 yaks
  A basilisk (D:12)
  2 soldier ants
  An acid dragon (D:13)
  5 ice beasts
  A swamp drake (D:10)
  2 phantoms
  8 orc warriors
  A black bear (D:9)
  3 necrophages
  4 sky beasts
  3 ogres
  15 centaurs
  A crocodile (D:9)
  3 big kobolds
  9 bullfrogs
  A gnoll sergeant (D:6)
  A water moccasin skeleton (D:10)
  6 scorpions
  16 wights
  6 crimson imps
  3 bullfrog zombies
  6 jellies
  6 hounds
  2 quasits
  2 bullfrog skeletons
  4 orc priests
  3 centaur skeletons
  A gnoll shaman (D:5)
  3 iguanas
  Jessica (D:2)
  Ijyb (D:4)
  16 orc wizards
  8 worker ants
  A killer bee zombie (D:8)
  2 hound zombies
  12 adders
  12 gnolls
  3 shadow imps
  2 adder skeletons
  An adder zombie (D:7)
  6 worms
  A dart slug (D:2)
  5 leopard geckos
  50 orcs
  3 giant cockroaches
  2 gnoll zombies (D:3)
  4 goblins
  4 hobgoblins
  2 jackals (D:7)
  9 quokkas
  A ball python (D:1)
  5 bats
  6 frilled lizards
  A jackal skeleton (D:7)
  A jackal zombie (D:5)
  15 kobolds
  A quokka skeleton (D:6)
  4 rats
  A bush (D:2)
  4 fungi (D:9)
  2 plants (D:2)
355 creatures vanquished.

Vanquished Creatures (others)
  6 centaurs
  2 orcs
  A bat (D:4)
9 creatures vanquished.

Grand Total: 364 creatures vanquished

Notes
Turn   | Place    | Note
-------+----------+-------------------------------------------
     0 | D:1      | Gearfox the Minotaur Fighter began the quest for the Orb.
     0 | D:1      | Reached XP level 1. HP: 19/19 MP: 0/0
   236 | D:1      | Reached skill level 3 in Maces & Flails
   276 | D:1      | Reached XP level 2. HP: 25/26 MP: 1/1
   900 | D:2      | Reached skill level 4 in Maces & Flails
  1188 | D:2      | Reached XP level 3. HP: 20/31 MP: 2/2
  1410 | D:2      | Noticed Jessica
  1419 | D:2      | Killed Jessica
  1419 | D:2      | Reached skill level 5 in Maces & Flails
  1419 | D:2      | Reached XP level 4. HP: 39/39 MP: 3/3
  2157 | D:3      | Found a shadowy altar of Dithmenos.
  2217 | D:3      | Reached skill level 6 in Maces & Flails
  2451 | D:3      | Reached XP level 5. HP: 46/46 MP: 4/4
  3121 | D:3      | Reached skill level 5 in Fighting
  3419 | D:3      | Found a basalt altar of Yredelemnul.
  3677 | D:4      | Reached XP level 6. HP: 38/57 MP: 5/5
  3955 | D:4      | Found a sacrificial altar of Ru.
  3955 | D:4      | Found an ancient bone altar of Kikubaaqudgha.
  4022 | D:4      | Found a sand-covered staircase.
  4031 | Ossuary  | Entered an ossuary
  4160 | D:4      | Reached skill level 5 in Armour
  4422 | D:4      | Found an iron altar of Okawaru.
  4459 | D:4      | Became a worshipper of Warmaster Okawaru
  4503 | D:4      | Noticed a slave
  4528 | D:4      | Noticed a slave
  4529 | D:4      | Noticed a slave
  4530 | D:4      | Noticed Pikel
  4542 | D:4      | Noticed a slave
  4548 | D:4      | Killed Pikel
  4548 | D:4      | Reached * piety under Okawaru
  4548 | D:4      | Reached ** piety under Okawaru
  4548 | D:4      | Reached XP level 7. HP: 35/63 MP: 6/6
  4696 | D:4      | Noticed Ijyb
  4717 | D:4      | Killed Ijyb
  4789 | D:4      | Found a burning altar of Makhleb.
  4987 | D:5      | Entered Level 5 of the Dungeon
  5004 | D:5      | Reached XP level 8. HP: 65/70 MP: 7/7
  5042 | D:5      | Reached skill level 5 in Shields
  5104 | D:5      | Reached skill level 7 in Maces & Flails
  5208 | D:5      | Found a blossoming altar of Fedhas.
  5305 | D:5      | Reached skill level 8 in Maces & Flails
  5477 | D:5      | Found a shimmering altar of Xom.
  5799 | D:5      | Found a stormy altar of Qazlal.
  6043 | D:6      | Found a staircase to the Ecumenical Temple.
  6149 | D:6      | Reached skill level 9 in Maces & Flails
  6702 | D:6      | Reached *** piety under Okawaru
  7142 | D:7      | Reached XP level 9. HP: 74/75 MP: 8/8
  7549 | D:7      | Reached skill level 10 in Maces & Flails
  7871 | D:7      | Reached skill level 1 in Evocations
  8690 | D:8      | Found a transporter.
  8711 | D:8      | Noticed Lauz's ghost (novice DsGl)
  8749 | D:8      | Found a transporter.
  9392 | D:8      | Reached **** piety under Okawaru
  9408 | D:8      | Gained mutation: Your magical capacity is low. (-10% MP)
                  | [potion of mutation]
  9408 | D:8      | Gained mutation: Your spells are a little harder to cast,
                  | but a little more powerful. [potion of mutation]
  9415 | D:8      | Lost mutation: Your spells are a little harder to cast, but
                  | a little more powerful. [potion of mutation]
  9415 | D:8      | Lost mutation: Your magical capacity is low. (-10% MP)
                  | [potion of mutation]
  9415 | D:8      | Gained mutation: Your mind is acute. (Int +2) [potion of
                  | mutation]
  9415 | D:8      | Gained mutation: You are somewhat resistant to further
                  | mutation. [potion of mutation]
  9548 | D:9      | Noticed a two-headed ogre
  9574 | D:8      | Killed a two-headed ogre
  9574 | D:8      | Reached XP level 10. HP: 53/91 MP: 9/12
  9783 | D:9      | Found a glowing golden altar of the Shining One.
 10178 | D:9      | Paralysed by a hornet for 1 turns
 10186 | D:9      | Paralysed by a hornet for 1 turns
 10311 | D:9      | Reached skill level 10 in Fighting
 10698 | D:9      | Reached ***** piety under Okawaru
 10698 | D:9      | Reached skill level 5 in Evocations
 10766 | D:9      | Found a staircase to the Lair.
 10851 | D:9      | Found Gucsail's General Store.
 10866 | D:9      | Bought a ration for 60 gold pieces
 10866 | D:9      | Bought a scroll of identify for 24 gold pieces
 11008 | D:10     | Entered Level 10 of the Dungeon
 11108 | D:10     | Noticed a two-headed ogre
 11113 | D:10     | Killed a two-headed ogre
 11113 | D:10     | Reached skill level 11 in Maces & Flails
 11142 | D:10     | Reached skill level 12 in Maces & Flails
 11216 | D:10     | Found Butif's Antique Armour Boutique.
 11384 | D:10     | Reached skill level 13 in Maces & Flails
 11763 | D:10     | Found a staircase to the Orcish Mines.
 11775 | D:10     | Reached XP level 11. HP: 92/99 MP: 13/13
 12061 | D:11     | Noticed Harold
 12078 | D:11     | Killed Harold
 12078 | D:11     | Noticed a green ugly thing
 12081 | D:11     | Noticed a purple ugly thing
 12101 | D:10     | Killed a green ugly thing
 12101 | D:10     | Reached skill level 14 in Maces & Flails
 12186 | D:10     | Killed a purple ugly thing
 12334 | D:10     | Killed an unseen horror
 12634 | D:11     | Received a gift from Okawaru
 12835 | D:11     | Got a steaming buckler
 12844 | D:11     | Noticed a two-headed ogre
 12855 | D:11     | Killed a two-headed ogre
 12855 | D:11     | Reached ****** piety under Okawaru
 12888 | D:11     | Reached skill level 15 in Maces & Flails
 12927 | D:11     | Noticed a death knight
 12953 | D:11     | Killed a death knight
 12953 | D:11     | Reached skill level 10 in Armour
 13103 | D:11     | Reached skill level 1 in Invocations
 13191 | D:11     | Received a gift from Okawaru
 13240 | D:11     | Identified the +0 buckler "Havowk" {*Corrode rPois rF++
                  | rN+} (You found it on level 11 of the Dungeon)
 13306 | D:11     | Noticed Sonja
 14034 | D:12     | Reached XP level 12. HP: 97/106 MP: 11/14
 14535 | D:12     | Received a gift from Okawaru
 14550 | D:12     | Noticed a two-headed ogre
 14557 | D:12     | Reached skill level 5 in Invocations
 14566 | D:12     | Killed a two-headed ogre
 15380 | D:13     | Noticed a centaur warrior
 15392 | D:13     | Killed a centaur warrior
 15433 | D:13     | Noticed a centaur warrior
 15450 | D:13     | Killed a centaur warrior
 15811 | D:13     | Noticed an eight-headed hydra
 15823 | D:13     | Killed an eight-headed hydra
 16337 | D:13     | Noticed a death knight
 16351 | D:13     | Killed a death knight
 16728 | D:13     | Reached skill level 10 in Shields
 16773 | D:13     | Killed Sonja
 16775 | D:13     | HP: 3/112 [poisoned by Sonja]
 16776 | D:13     | HP: 1/168 [poisoned by Sonja]
 16777 | D:13     | Succumbed to Sonja's poison

Skill      XL: |  1  2  3  4  5  6  7  8  9 10 11 12 |
---------------+-------------------------------------+-----
Maces & Flails | 3 4 5 6 9 10 13 15 | 15.0
Fighting       | 4 5 6 9 10 11 | 11.9
Armour         | 8 11 12 | 12.0
Shields        | 4 6 7 10 | 10.0
Evocations     | 4 5 |  5.0
Invocations    | 2 6 |  6.1

Action                   |  1- 3 |  4- 6 |  7- 9 | 10-12 || total
-------------------------+-------+-------+-------+-------++-------
Melee: Flail             |   134 |   221 |   329 |   801 ||  1485
       Headbutt          |    23 |    51 |    61 |   159 ||   294
Invok: Heroism           |       |       |     3 |    14 ||    17
       Finesse           |       |       |       |     3 ||     3
  Use: Scroll            |     3 |    12 |     8 |    10 ||    33
       Potion            |       |     2 |     5 |     8 ||    15
  Eat: Chunk             |     2 |     3 |     6 |    11 ||    22
       Ration            |       |     2 |     3 |     4 ||     9
Armor: Scale mail        |    32 |       |       |       ||    32
       Plate armour      |     1 |   215 |   166 |   660 ||  1042
Dodge: Dodged            |    34 |    97 |    68 |   195 ||   394
Block: Other             |       |     9 |     8 |       ||    17
       Shield            |       |       |   180 |   729 ||   909
       Reflection        |       |       |     4 |    68 ||    72
